 Dungeon Crawl Stone Soup version 0.28.0-45-g0d030f2227 (webtiles) character file.

Game seed: 17512237038677756753

37 Nanban the Skirmisher (level 3, -1/40 HPs)
             Began as an Ogre Monk on Apr 21, 2022.
             Slain by a jackal (2 damage)
             ... on level 1 of the Dungeon.
             The game lasted 00:01:08 (1630 turns).

Nanban the Skirmisher (Ogre Monk)                   Turns: 1630, Time: 00:01:09

Health: -1/40      AC:  3    Str: 15    XL:     3   Next: 39%
Magic:  3/3        EV: 10    Int: 11    God:
Gold:   58         SH:  0    Dex: 13    Spells: 2/2 levels left

rFire   . . .      SeeInvis .   a - +0 mace
rCold   . . .      Faith    .   (no shield)
rNeg    . . .      Spirit   .   b - +0 robe
rPois   .          Reflect  .   (helmet restricted)
rElec   .          Harm     .   (no cloak)
rCorr   .          Rampage  .   (gloves unavailable)
Will    .....                   (boots unavailable)
Stlth   ++........              (no amulet)
HPRegen 0.13/turn               (no ring)
MPRegen 0.08/turn               (no ring)

@: no status effects
A: large, unfitting armour, tough skin 1
a: no special abilities


You were on level 1 of the Dungeon.
You visited 1 branch of the dungeon, and saw 2 of its levels.

You collected 58 gold pieces.

Inventory:

Hand Weapons
 a - a +0 mace (weapon)
Armour
 b - a +0 robe (worn)
Scrolls
 c - a scroll of identify {unknown}
Potions
 d - a potion of berserk rage {unknown}
 e - a potion of attraction {unknown}
 f - a potion of flight {unknown}


   Skills:
 + Level 4.5 Fighting
 + Level 3.2 Maces & Flails
 + Level 3.1 Dodging
 + Level 1.5 Stealth


You had 2 spell levels left.
You didn't know any spells.
Your spell library contained the following spells:

 Spells                   Type           Power      Damage    Failure   Level
 Dazzling Flash           Conj/Hex       0%         N/A       71%         3
 Iskenderun's Mystic Bla  Conj/Tloc      0%         2d3       98%         4
 Starburst                Conj/Fire      0%         6d3       100%        6


Dungeon Overview and Level Annotations

Branches:
Dungeon (2/15)

Altars:


Innate Abilities, Weirdness & Mutations

You are too large for most types of armour.
You have tough skin. (AC +1)


Message History

The gnoll closely misses you. The jackal barely misses you.
The jackal bites you. The gnoll hits you with a +0 club! The jackal bites you.
The gnoll hits you from afar with a +0 spear.
The gnoll completely misses you.
You are too injured to fight recklessly!
You are too injured to fight recklessly!
The jackal barely misses you. The jackal barely misses you.
You see here a ball python corpse.
The jackal bites you but does no damage.
The gnoll hits you from afar with a +0 spear!
* * * LOW HITPOINT WARNING * * *
The jackal bites you but does no damage.
The jackal bites you but does no damage.
The gnoll completely misses you. The jackal bites you.
* * * LOW HITPOINT WARNING * * *
There is a stone staircase leading up here.
The gnoll barely misses you. The jackal closely misses you.
The jackal barely misses you. The gnoll closely misses you.
You climb upwards.
There is a stone staircase leading down here.
You sock the gnoll!
The gnoll is almost dead.
The jackal barely misses you. The jackal completely misses you.
The gnoll hits you with a +0 club.
* * * LOW HITPOINT WARNING * * *
The jackal bites you.
* * * LOW HITPOINT WARNING * * *
The jackal bites you.
* * * LOW HITPOINT WARNING * * *
The gnoll hits you but does no damage.
You barely miss the gnoll.
The gnoll is almost dead.
The jackal misses you.
The jackal bites you but does no damage.
The gnoll hits you with a +0 club.
* * * LOW HITPOINT WARNING * * *
The jackal bites you but does no damage.
The jackal bites you.
You die...

#.####..##.#.#.#≈≈...##.#
#.####..#...###.≈≈......#
#.##.........#..≈..#.####
#.#..#..####..##≈###.####
###...######)####.......#
##.....##....# #.##.##.#
###.8...8.#########.##.##.#
#..........##.>g..#.##.##.#####
.#....⌠.....#...@.#.#.........##
##.............h.h#.#...≈...#..#
.##.8...8.#.#.....#.....≈...≈≈.#
#.##.....####.....#.#.≈≈≈..≈≈.##
#####...### #######.≈≈....≈≈##.#
#.##.##.# ###≈≈.....#.##
#.##.##.# ##≈≈≈....## #....)..#
##### ###≈≈≈...##
####.#######...# #.###..≈#


You could see a gnoll and 2 jackals.

Vanquished Creatures
  A dart slug (D:1)
  An endoplasm (D:1)
  A giant cockroach (D:2)
  3 goblins (D:1)
  4 hobgoblins (D:1)
  4 jackals
  2 kobolds (D:1)
  2 quokkas (D:1)
  5 ball pythons
  A bat (D:2)
  3 frilled lizards (D:1)
  5 rats (D:1)
32 creatures vanquished.

Vanquished Creatures (others)
  A bat (D:1)
1 creature vanquished.

Grand Total: 33 creatures vanquished

Notes
Turn   | Place    | Note
-------+----------+-------------------------------------------
     0 | D:1      | Nanban the Ogre Monk began the quest for the Orb.
     0 | D:1      | Reached XP level 1. HP: 24/24 MP: 1/1
   352 | D:1      | Reached XP level 2. HP: 31/32 MP: 2/2
   864 | D:1      | Reached XP level 3. HP: 37/40 MP: 3/3
  1630 | D:1      | HP: 1/40 [gnoll/+0 club (2)]
  1630 | D:1      | Slain by a jackal

Illustrated notes

Levels and vault maps discovered:
D:1:      dpeg_arrival_rooms_c, layout_loops_cross, serial_rivers,
          chequers_serial_rivers_small_b, chequers_serial_rivers_small_a,
          chequers_serial_rivers_small_3, chequers_serial_rivers_marsh,
          chequers_serial_rivers_micro_e, chequers_serial_rivers_marsh,
          chequers_serial_rivers_small_b, wad_floor_pattern_untrapped
D:2:      layout_rooms, shapermc_ecumenical_altar_starsandcircs,
          nrook_mini_backslash, hex_large, kennysheep_cross_room

Skill      XL: |  1  2 |
---------------+-------+-----
Dodging        | 3 |  3.1
Maces & Flails | 3 |  3.2
Fighting       | |  4.5
Stealth        | |  1.5

Action                   || total
-------------------------++-------
Melee: Mace              ||    93
       Punch             ||     1
 Stab: Sleeping          ||     2
Armor: Robe              ||    37
Dodge: Dodged            ||    84
